 Dungeon Crawl Stone Soup version 0.28.0-53-g5a82cb258f (webtiles) character file.

Game seed: 18065202937824475410

2342 funkygono the Carver (level 9, -10/74 (79) HPs)
             Began as a Minotaur Fighter on July 5, 2022.
             Was an Initiate of Okawaru.
             Killed by drain life
             ... invoked by a soul eater
             ... summoned by a kobold demonologist
              (19 damage)
             ... on level 5 of the Dungeon.
             The game lasted 00:11:42 (6010 turns).

funkygono the Carver (Minotaur Fighter)             Turns: 6010, Time: 00:11:43

HP:   -10/74 (79)   AC: 13    Str: 24    XL:     9   Next: 20%
MP:   8/8           EV:  8    Int:  5    God:    Okawaru [......]
Gold: 276           SH:  5    Dex: 11    Spells: 8/8 levels left

rFire   . . .      SeeInvis .   a - +2 long sword
rCold   . . .      Faith    .   c - +0 buckler
rNeg    . . .      Spirit   .   n - +0 chain mail
rPois   .          Reflect  .   (helmet restricted)
rElec   .          Harm     .   s - +0 cloak
rCorr   .          Rampage  .   e - +0 pair of gloves
Will    .....                   (no boots)
Stlth   ..........              (no amulet)
HPRegen 0.22/turn               (no ring)
MPRegen 0.11/turn               (no ring)

@: mighty, spiked, drained
A: horns 2, retaliatory headbutt
a: Renounce Religion


You were on level 5 of the Dungeon.
You worshipped Okawaru.
Okawaru was noncommittal.
You visited 2 branches of the dungeon, and saw 6 of its levels.
You also visited: Sewer.

You collected 276 gold pieces.

Inventory:

Hand Weapons
 a - a +2 long sword (weapon)
 i - a +3 mace of holy wrath
Missiles
 o - 60 bolts
Armour
 b - a +0 scale mail
 c - a +0 buckler (worn)
 e - a +0 pair of gloves (worn)
 n - a +0 chain mail (worn)
 s - a +0 cloak (worn)
 t - +0 steam dragon scales
 x - the +1 robe of Pesozov {rC+ Int+2}
   (You found it on level 4 of the Dungeon)

   Int:       It affects your intelligence (+2).
   rC:        It protects you from cold.
 B - an orb of wrath
Jewellery
 v - a ring of ice
Wands
 y - a wand of mindburst (15)
 z - a wand of paralysis (7)
 A - a wand of iceblast (13)
Scrolls
 d - 2 scrolls of immolation
 f - a scroll of teleportation {unknown}
 g - a scroll of magic mapping
 p - 2 scrolls of vulnerability
 C - a scroll of noise {unknown}
Potions
 j - a potion of mutation
 k - a potion of might
 l - a potion of resistance
 m - a potion of haste {unknown}
 q - a potion of attraction {unknown}
 r - a potion of brilliance {unknown}
 u - a potion of magic {unknown}
 w - 2 potions of curing {unknown}


   Skills:
 + Level 7.1 Fighting
 + Level 10.4 Long Blades
 + Level 7.5 Armour
 + Level 2.4 Dodging
 + Level 1.9 Stealth
 + Level 5.2 Shields
 + Level 0.4 Evocations


You had 8 spell levels left.
You didn't know any spells.
Your spell library was empty.

Dungeon Overview and Level Annotations

Branches:
Dungeon (5/15)             Temple (1/1) D:5           Sewer (visited)

Altars:
Ashenzari
Cheibriados
Elyvilon
Hepliaklqana
Kikubaaqudgha
Makhleb
Nemelex Xobeh
Okawaru
Qazlal
Ru
Sif Muna
Trog
Uskayaw
Vehumet
Wu Jian
Xom
Yredelemnul
The Shining One

Shops:
D:2 (   D:5 !


Innate Abilities, Weirdness & Mutations

You have a pair of horns on your head.
You reflexively headbutt those who attack you in melee.


Message History

The ufetubus hits you but does no damage.
You closely miss the soul eater.
You headbutt the soul eater, but do no damage.
You hit the soul eater.
The soul eater is lightly wounded.
The ufetubus hits you but does no damage.
The ufetubus closely misses you.
The soul eater draws from the surrounding life force!
The soul eater is healed.
Unknown command.
You slash the soul eater!
The soul eater is moderately wounded.
The soul eater hits you!
You feel drained.
You slash the soul eater! You headbutt the soul eater!
The soul eater is heavily wounded.
The soul eater draws from the surrounding life force!
* * * LOW HITPOINT WARNING * * *
The soul eater is healed.
Unknown command.
You slash the soul eater!
The soul eater is heavily wounded.
The soul eater hits you!
* * * LOW HITPOINT WARNING * * *
You feel drained.
The iron imp hits you but does no damage.
The red devil hits you from afar with a +0 trident!
* * * LOW HITPOINT WARNING * * *
Barbed spikes become lodged in your body.
You feel much better.
The red devil disappears in a puff of smoke!
The kobold demonologist gestures wildly while chanting.
The soul eater hits you!!
* * * LOW HITPOINT WARNING * * *
The iron imp hits you.
* * * LOW HITPOINT WARNING * * *
The barbs in your skin will harm you if you move.
Continue?
The barbed spikes dig painfully into your body as you move.
* * * LOW HITPOINT WARNING * * *
The soul eater draws from the surrounding life force!
You die...

### #.# ###.######
#####......... ###
#.............
###.###.###.........
#...................
###@###.#.###.###.##
#.# #.#.# #.# #.#
#35...... #.# #.#
K5#.....#.#.# #.##
.#K###.#.#.#.# #.##
#.#.# #.#.# #.# ####
. .45 ...# #.# # ##
#.4 #.# # ### #


You could see a soul eater (summoned), an orange demon (summoned), a kobold
demonologist, a red devil (summoned), an iron imp (summoned), a quasit
(summoned), an ufetubus (summoned) and a kobold.

Vanquished Creatures
  A kobold demonologist (D:5)
  Grinder (D:5)
  Sigmund (D:2)
  The ghost of raph the Conjurer, an amateur DrCj of Vehumet (D:3)
  A steam dragon (D:4)
  A sky beast (D:5)
  An ice beast (D:5)
  An ogre (D:5)
  2 centaurs (D:5)
  5 kobold brigands
  Blork the orc (D:5)
  A water moccasin skeleton (D:5)
  A bullfrog zombie (D:5)
  A jelly (D:4)
  2 orc priests
  5 hounds
  A bullfrog skeleton (D:5)
  Ijyb (D:5)
  An orc wizard (D:5)
  A hound zombie (D:5)
  A hound skeleton (D:3)
  A howler monkey zombie (D:5)
  An adder (D:3)
  A river rat (D:3)
  A white imp (D:5)
  An ufetubus (D:5)
  2 worms
  8 dart slugs
  9 orcs
  14 ball pythons
  6 endoplasms
  11 giant cockroaches
  6 goblins
  7 hobgoblins
  A jackal (D:5)
  21 kobolds
  4 quokkas
  5 bats
  6 frilled lizards
  9 rats
  A spectral hobgoblin (D:4)
146 creatures vanquished.

Vanquished Creatures (others)
  A scorpion (D:5)
  A plant (Sewer)
2 creatures vanquished.

Grand Total: 148 creatures vanquished

Notes
Turn   | Place    | Note
-------+----------+-------------------------------------------
     0 | D:1      | funkygono the Minotaur Fighter began the quest for the Orb.
     0 | D:1      | Reached XP level 1. HP: 19/19 MP: 0/0
   127 | D:1      | Reached XP level 2. HP: 27/27 MP: 1/1
   490 | D:1      | Found a faded altar of an unknown god.
   754 | D:1      | Reached XP level 3. HP: 33/33 MP: 2/2
  1052 | D:2      | Found Yhimiwnyada's Antique Weapon Boutique.
  1075 | D:2      | Reached skill level 3 in Long Blades
  1169 | D:2      | Reached skill level 1 in Dodging
  1169 | D:2      | Reached XP level 4. HP: 22/40 MP: 3/3
  1169 | D:2      | Noticed Sigmund
  1176 | D:2      | Killed Sigmund
  1177 | D:2      | Reached skill level 4 in Long Blades
  1177 | D:2      | Reached XP level 5. HP: 18/47 MP: 4/4
  1552 | D:2      | Reached skill level 5 in Long Blades
  1808 | D:3      | Reached XP level 6. HP: 49/53 MP: 5/5
  2015 | D:3      | Found a runed translucent door.
  2015 | D:3      | Noticed raph's ghost (amateur DrCj)
  2147 | D:3      | Found a glowing drain.
  2164 | Sewer    | Entered a sewer
  2291 | Sewer    | Reached skill level 5 in Armour
  2295 | Sewer    | Reached skill level 5 in Fighting
  2295 | Sewer    | Reached skill level 6 in Long Blades
  2949 | Sewer    | Reached XP level 7. HP: 47/61 MP: 6/6
  3399 | D:3      | Found a burning altar of Makhleb.
  3708 | D:3      | Killed raph's ghost
  4394 | D:4      | Noticed a steam dragon
  4406 | D:4      | Killed a steam dragon
  4407 | D:4      | Reached skill level 7 in Long Blades
  4411 | D:4      | Identified the +1 robe of Pesozov {rC+ Int+2}
  4900 | D:4      | Found a hazy altar of Hepliaklqana.
  5008 | D:5      | Entered Level 5 of the Dungeon
  5070 | D:5      | Noticed Blork the orc
  5075 | D:5      | Reached XP level 8. HP: 71/71 MP: 7/7
  5080 | D:5      | Killed Blork the orc
  5081 | D:5      | Reached skill level 8 in Long Blades
  5081 | D:5      | Reached skill level 5 in Shields
  5232 | D:5      | Found a shimmering altar of Xom.
  5262 | D:5      | Reached skill level 9 in Long Blades
  5525 | D:5      | Found Heossaus's Distillery.
  5532 | D:5      | Noticed Grinder
  5543 | D:5      | Killed Grinder
  5544 | D:5      | Reached skill level 1 in Stealth
  5551 | D:5      | Noticed Ijyb
  5552 | D:5      | Reached skill level 10 in Long Blades
  5560 | D:5      | Killed Ijyb
  5747 | D:5      | Reached XP level 9. HP: 78/78 MP: 8/8
  5790 | D:5      | Found a radiant altar of Vehumet.
  5792 | D:5      | Found a bloodstained altar of Trog.
  5793 | D:5      | Found a staircase to the Ecumenical Temple.
  5805 | Temple   | Entered the Ecumenical Temple
  5820 | Temple   | Became a worshipper of Warmaster Okawaru
  5986 | D:5      | Noticed a kobold demonologist
  5987 | D:5      | Noticed a kobold demonologist
  5989 | D:5      | Noticed a red devil
  5998 | D:5      | Killed a kobold demonologist
  5999 | D:5      | Noticed a red devil
  6000 | D:5      | Noticed a soul eater
  6010 | D:5      | Noticed an orange demon
  6010 | D:5      | Killed from afar by a soul eater

Illustrated notes

Levels and vault maps discovered:
D:1:      heliophobic_arrival_dark_side_of_the_moon, layout_basic,
          basic_ecumenical_altar, st_stairs_2
D:2:      layout_rooms, serial_shops, nicolae_shop_statue_plus,
          nicolae_figureground_sparkle, uniq_sigmund
D:3:      layout_basic, mainiacjoe_overflow_surrounded_room,
          portal_sewer_entry_e, hellmonk_ghost_happy_afterlife
D:4:      layout_basic, nicolae_hepliaklqana_monster_ancestors,
          grunt_ministairs_11
D:5:      layout_basic, xom_confusion_cloud, mainiacjoe_overflow_divided_tiny,
          minmay_temple_entry_glass, serial_shops, nicolae_shop_crystal,
          uniq_ijyb, uniq_grinder, uniq_blork_the_orc, uniq_crazy_yiuf_cottage
Temple:   dshaligram_water_room_temple

Skill      XL: |  1  2  3  4  5  6  7  8  9 |
---------------+----------------------------+-----
Fighting       | 4 5 6 7 |  7.1
Armour         | 4 5 6 7 |  7.5
Shields        | 4 5 |  5.2
Long Blades    | 3 4 5 6 7 10 | 10.4
Dodging        | 1 2 |  2.4
Stealth        | 1 |  1.9
Evocations     | |  0.4

Action                   |  1- 3 |  4- 6 |  7- 9 || total
-------------------------+-------+-------+-------++-------
Melee: Long sword        |    63 |   128 |   185 ||   376
       Headbutt          |     5 |    17 |    33 ||    55
Evoke: Wand              |       |       |     4 ||     4
  Use: Potion            |       |     1 |     5 ||     6
       Scroll            |       |     8 |     7 ||    15
 Stab: Paralysed         |       |       |     5 ||     5
Armor: Scale mail        |    23 |       |       ||    23
       Chain mail        |     4 |    67 |   122 ||   193
Dodge: Dodged            |    29 |    65 |    76 ||   170
Block: Buckler           |    17 |    21 |    39 ||    77
